 Dungeon Crawl Stone Soup version 0.31-a0-354-g827e0957a7 (webtiles) character file.

Game seed: 3746460458671273209

6853 MacCMillion the Grappler (level 11, -1/89 HPs)
             Began as a Merfolk Shapeshifter on July 24, 2023.
             Was a Believer of Ru.
             Killed by the air
             ... invoked by Gastronok
              (40 damage)
             ... on level 10 of the Dungeon.
             The game lasted 00:14:56 (14030 turns).

MacCMillion the Grappler (Merfolk Shapeshifter)    Turns: 14030, Time: 00:14:56

Health: -1/89      AC:  5    Str: 19    XL:     11   Next: 6%
Magic:  11/11      EV: 16    Int:  7    God:    Ru [**....]
Gold:   478        SH:  0    Dex: 16    Spells: 10/10 levels left

rFire   . .          .
                       - Unarmed
rCold   . . .        (no shield)
rNeg    . . .        C - +0 ring mail
rPois   .            (helmet currently unavailable)
rElec   .            (cloak currently unavailable)
rCorr   .            (gloves currently unavailable)
SInv    .            (boots currently unavailable)
Will    +....        (no amulet)
Stlth   +            F - ring of willpower
HPRegen 0.34/turn    (no ring)
MPRegen 0.12/turn

%: no passive effects
@: beast-form, horrified, slowed, very slow
A: beast (slay +3), cowardly, no fire magic, no hexes magic, no translocations
magic, (nimble swimmer 2), mertail
a: Begin Untransformation, Renounce Religion


You were on level 10 of the Dungeon.
You worshipped Ru.
Ru was pleased with you.
You were a hulking beast.
You visited 2 branches of the dungeon, and saw 11 of its levels.

You collected 478 gold pieces.

Inventory:

Missiles
 D - a curare-tipped dart
 E - 22 poisoned darts
Armour
 a - a scarf of resistance
 C - a +0 ring mail (worn)
Jewellery
 F - a ring of willpower (left hand)
Talismans
 c - a beast talisman
Wands
 f - a wand of digging (4)
 r - a wand of mindburst (11)
 t - a wand of paralysis (12)
 x - a wand of iceblast (22)
 G - a wand of flame (21)
 K - a wand of quicksilver (7)
Scrolls
 d - 3 scrolls of amnesia
 g - 4 scrolls of enchant weapon
 h - a scroll of vulnerability
 i - 2 scrolls of noise {unknown}
 j - a scroll of fear
 k - 2 scrolls of torment {unknown}
 m - a scroll of acquirement {unknown}
 q - a scroll of blinking {unknown}
 s - a scroll of revelation {unknown}
 u - 2 scrolls of fog {unknown}
 y - 2 scrolls of immolation {unknown}
 A - 2 scrolls of identify
 H - a scroll of teleportation {unknown}
 I - a scroll of silence {unknown}
 J - a scroll of summoning {unknown}
 L - a scroll of enchant armour {unknown}
Potions
 b - a potion of lignification
 e - 6 potions of heal wounds
 l - 3 potions of mutation
 n - 4 potions of haste
 o - a potion of attraction {unknown}
 p - 3 potions of curing
 v - 4 potions of brilliance
 w - 3 potions of resistance {unknown}
 z - a potion of berserk rage {unknown}
 B - a potion of enlightenment {unknown}


   Skills:
 + Level 9.0 Fighting
 + Level 10.9 Dodging
 * Level 12.9 Unarmed Combat
 + Level 5.2 Shapeshifting


You had 10 spell levels left.
You didn't know any spells.
Your spell library contained the following spells:

 Spells                   Type           Power      Damage    Failure   Level
 Magic Dart               Conj           0%         1d3       63%         1
 Call Imp                 Summ           0%         N/A       77%         2
 Searing Ray              Conj           0%         2d4       77%         2
 Mephitic Cloud           Conj/Pois/Air  0%         N/A       94%         3
 Vampiric Draining        Necr           0%         2d6       94%         3
 Arcjolt                  Conj/Air       0%         1d10      100%        5
 Maxwell's Capacitive Co  Air            0%         ∞         100%        8
 Slow                     Hex            Unusable   N/A       N/A         1
 Confusing Touch          Hex            Unusable   N/A       N/A         3
 Vhi's Electric Charge    Tloc/Air       Unusable   N/A       N/A         3
 Fulminant Prism          Conj/Hex       Unusable   3d5       N/A         4

Dungeon Overview and Level Annotations

Branches:
Dungeon (10/15)            Temple (1/1) D:4            Lair (0/5) D:8
    Orc: D:9-12

Altars:
Ashenzari
Cheibriados
Dithmenos
Elyvilon
Fedhas
Gozag
Hepliaklqana
Kikubaaqudgha
Makhleb
Nemelex Xobeh
Okawaru
Qazlal
Ru
Sif Muna
Trog
Uskayaw
Vehumet
Wu Jian
Xom
Yredelemnul
Zin
The Shining One

Annotations:
D:7 3 runed translucent doors, Olga's ghost, novice DgHs
D:10 Gastronok


Innate Abilities, Weirdness & Mutations

You are a hulking beast.
Your limbs bulge with bestial killing power. (Slay +3)
Your cowardice makes you less effective in combat with threatening foes.
You cannot study or cast Fire magic.
You cannot study or cast Hexes magic.
You cannot study or cast Translocations magic.
((You are very nimble when in or above water. (Stealth+, EV+, Speed+++)))
Your lower body shifts to a powerful aquatic tail in water.


Message History

You hit Gastronok.
Gastronok is lightly wounded.
Gastronok bites you!
You pummel Gastronok!!
Gastronok is lightly wounded.
You hit Gastronok but do no damage. You punch Gastronok.
Gastronok is lightly wounded.
You punch Gastronok!
Gastronok is moderately wounded.
Gastronok bites you!
You pummel Gastronok!!
Gastronok is moderately wounded.
You punch Gastronok!
Gastronok is moderately wounded.
You punch Gastronok!
Gastronok is heavily wounded.
Gastronok mumbles some strange words.
You hit the bat.
You kill the bat!
The bat's corpse disappears in a puff of smoke!
The bat barely misses you. The river rat closely misses you.
The bat misses you. Gastronok bites you!
You hit the river rat but do no damage. Your punch misses the river rat.
The bat completely misses you. The river rat barely misses you.
The bat completely misses you.
You closely miss the river rat. The bat closely misses you.
The river rat is stunned by your conviction and fails to attack.
You barely miss the river rat. The bat hits you but does no damage.
Gastronok casts a spell at you.
You feel yourself slow down.
The river rat twitches its whiskers.
The river rat closely misses you.
You closely miss the river rat. The bat barely misses you.
The river rat misses you.
You hit the river rat.
The river rat is moderately wounded.
The bat hits you but does no damage.
Gastronok waves his eye-stalks in wide circles.
The air twists around and strikes you!!!
You die...

....... ..
....... ..
........# .#
........# .#
#.#....+ .#
.?.....####.#
##+#....#....#
.......w..####
........h.######
.......br.......#
#................
#................
..##.?....###....
. ......... ##..
..........# #
...........#
...........#


You could see Gastronok (swift), a river rat (summoned) and a bat (summoned).

Vanquished Creatures
  5 centaur zombies (D:8)
  A redback zombie (D:8)
  2 hellwings
  A hornet (D:9)
  A wraith (D:9)
  6 yaks
  A wyvern (D:9)
  A vampire (D:9)
  A steam dragon (D:9)
  A water moccasin (D:6)
  A sky beast (D:7)
  An ice beast (D:6)
  A black bear (D:5)
  2 centaurs
  3 ogres
  A phantom (D:6)
  2 kobold brigands
  5 bullfrogs
  3 scorpions
  9 killer bees
  3 howler monkeys (D:8)
  2 orc priests
  Ijyb (D:4)
  A jelly (D:5)
  4 hounds
  A boggart zombie (D:8)
  4 iguanas
  Natasha (thrice) (D:4)
  4 orc wizards
  9 adders
  6 gnolls (D:4)
  7 shadow imps
  A white imp (D:5)
  A worm (D:4)
  3 dart slugs
  43 orcs
  5 endoplasms
  3 giant cockroaches
  6 goblins
  9 hobgoblins
  8 jackals
  3 quokkas
  4 ball pythons
  2 bats
  4 frilled lizards
  11 kobolds
  7 rats
203 creatures vanquished.

Notes
Turn   | Place    | Note
-------+----------+-------------------------------------------
     0 | D:1      | MacCMillion the Merfolk Shapeshifter began the quest for
                  | the Orb.
     0 | D:1      | Reached XP level 1. HP: 15/15 MP: 1/1
   160 | D:1      | Found a faded altar of an unknown god.
   169 | D:1      | Reached XP level 2. HP: 21/21 MP: 2/2
   451 | D:1      | You fall into a shaft and drop 1 floor!
  1075 | D:2      | Reached skill level 4 in Unarmed Combat
  1075 | D:2      | Reached XP level 3. HP: 20/27 MP: 3/3
  2295 | D:3      | Reached XP level 4. HP: 29/33 MP: 4/4
  2745 | D:3      | Reached XP level 5. HP: 37/39 MP: 5/5
  2877 | D:3      | Reached skill level 5 in Unarmed Combat
  2915 | D:3      | Noticed a +0 spear
  2917 | D:3      | Noticed a +0 dagger
  2919 | D:3      | Noticed a +0 spear
  2923 | D:3      | Noticed a +0 short sword
  2925 | D:3      | Noticed a +0 falchion
  2929 | D:3      | Noticed a +0 short sword
  2940 | D:3      | Noticed a +0 dagger
  2962 | D:3      | Noticed a +0 falchion
  3053 | D:3      | Found a hide-covered altar of Uskayaw.
  3653 | D:4      | Noticed Natasha
  3687 | D:4      | Killed Natasha
  3688 | D:4      | Reached XP level 6. HP: 29/47 MP: 6/6
  3948 | D:4      | Noticed Natasha
  3961 | D:4      | Killed Natasha
  4395 | D:4      | Found a staircase to the Ecumenical Temple.
  4439 | D:4      | Noticed Ijyb
  4451 | Temple   | Found a transporter.
  4451 | Temple   | Found a transporter.
  4451 | Temple   | Found a transporter.
  4451 | Temple   | Found a transporter.
  4451 | Temple   | Entered the Ecumenical Temple
  4466 | Temple   | Became a worshipper of Ru the Awakened
  4512 | D:4      | Killed Ijyb
  4513 | D:4      | Reached skill level 6 in Unarmed Combat
  4722 | D:4      | Reached skill level 5 in Dodging
  5019 | D:4      | Noticed Natasha
  5034 | D:4      | Killed Natasha
  5387 | D:4      | Reached XP level 7. HP: 45/53 MP: 7/7
  5541 | D:4      | Noticed a moth of wrath
  5544 | D:4      | Found a bloodstained altar of Trog.
  5663 | D:5      | Entered Level 5 of the Dungeon
  6012 | D:5      | Found a shadowy altar of Dithmenos.
  6246 | D:5      | Reached skill level 7 in Unarmed Combat
  6253 | D:5      | Found an ancient bone altar of Kikubaaqudgha.
  6255 | D:5      | Gained mutation: You cannot study or cast Fire magic. [Ru
                  | sacrifice]
  6255 | D:5      | Gained mutation: You cannot study or cast Hexes magic. [Ru
                  | sacrifice]
  6255 | D:5      | Gained mutation: You cannot study or cast Translocations
                  | magic. [Ru sacrifice]
  6255 | D:5      | Reached * piety under Ru
  6732 | D:5      | Reached XP level 8. HP: 56/61 MP: 8/8
  7340 | D:6      | Reached skill level 5 in Fighting
  7340 | D:6      | Reached skill level 8 in Unarmed Combat
  7607 | D:6      | Found a shimmering blue altar of Sif Muna.
  7927 | D:6      | Found a sparkling altar of Nemelex Xobeh.
  7928 | D:6      | Found a white marble altar of Elyvilon.
  8131 | D:6      | Reached skill level 9 in Unarmed Combat
  8610 | D:7      | Reached XP level 9. HP: 67/69 MP: 9/9
  9102 | D:7      | Found a runed translucent gate.
  9103 | D:7      | Found a runed translucent gate.
  9103 | D:7      | Noticed Olga's ghost (novice DgHs)
  9104 | D:7      | Found a runed translucent gate.
  9437 | D:7      | Gained mutation: Your cowardice makes you less effective in
                  | combat with threatening foes. [Ru sacrifice]
  9437 | D:7      | Reached ** piety under Ru
  9562 | D:8      | Noticed a hellwing
  9563 | D:8      | Noticed a hellwing
  9599 | D:7      | Killed a hellwing
  9600 | D:7      | Reached skill level 10 in Unarmed Combat
 10433 | D:8      | Reached skill level 11 in Unarmed Combat
 10509 | D:8      | Reached XP level 10. HP: 27/79 MP: 10/10
 11042 | D:8      | Found a glowing silver altar of Zin.
 11216 | D:8      | Found a staircase to the Lair.
 11281 | D:8      | Reached skill level 10 in Dodging
 11361 | D:8      | Found an opulent altar of Gozag.
 11625 | D:8      | Reached skill level 12 in Unarmed Combat
 12524 | D:9      | Paralysed by a hornet for 3 turns
 13495 | D:8      | Reached skill level 5 in Shapeshifting
 13640 | D:8      | Reached XP level 11. HP: 63/87 MP: 11/11
 13996 | D:10     | Entered Level 10 of the Dungeon
 13996 | D:10     | Noticed Gastronok
 14030 | D:10     | Killed from afar by Gastronok

Illustrated notes

Levels and vault maps discovered:
D:1:      minmay_arrival_stair_chambers, layout_loops_ring,
          nicolae_ecumenical_lake_church
D:2:      layout_basic
D:3:      layout_loops_corners, nicolae_uskayaw_en_pointe
D:4:      layout_loops_corners, tgw_trog, temple_statues,
          kennysheep_generic_room_8, uniq_natasha, uniq_ijyb
D:5:      layout_basic, mainiacjoe_overflow_brackets,
          mainiacjoe_overflow_24_doors
D:6:      layout_basic, marbit_many_paths, mainiacjoe_overflow_divided_tiny
D:7:      layout_basic, gammafunk_ghost_split, palyth_stone_intersect
D:8:      cheibrodos_grave_circle, layout_rooms,
          mainiacjoe_overflow_concentric_impassable,
          mainiacjoe_overflow_chevrons
D:9:      layout_basic, serial_curves, eino_curves_03, eino_curves_04,
          nicolae_letterblocks [nicolae_letter_subblock,
          nicolae_letter_subblock, nicolae_letter_subblock,
          nicolae_letter_subblock, nicolae_letter_subblock,
          nicolae_letter_subblock, nicolae_letter_subblock,
          nicolae_letter_subblock, nicolae_letter_subblock,
          nicolae_letter_subblock, nicolae_letter_subblock,
          nicolae_letter_subblock, nicolae_letter_subblock,
          nicolae_letter_subblock, nicolae_letter_subblock,
          nicolae_letter_subblock, nicolae_letter_subblock,
          nicolae_letter_subblock, nicolae_letter_subblock,
          nicolae_letter_subblock, nicolae_letter_subblock,
          nicolae_letter_subblock, nicolae_letter_subblock,
          nicolae_letter_subblock, nicolae_letter_subblock]
D:10:     layout_basic, hiddenorc2_lemuel, chequers_serial_rivers_room_a,
          uniq_gastronok
Temple:   hellmonk_temple_divided_pantheon

Skill      XL: |  1  2  3  4  5  6  7  8  9 10 11 |
---------------+----------------------------------+-----
Dodging        | 3 4 5 6 7 9 10 | 10.9
Unarmed Combat | 4 5 6 7 9 11 12 | 12.9
Fighting       | 2 3 4 6 7 8 9 |  9.0
Shapeshifting  | 5 |  5.2

Action                     |  1- 3 |  4- 6 |  7- 9 | 10-12 || total
---------------------------+-------+-------+-------+-------++-------
  Melee: Unarmed           |    94 |   183 |   303 |   170 ||   750
         Punch             |     2 |     6 |    18 |    13 ||    39
         Tailslap          |       |     3 |       |       ||     3
  Throw: Dart              |       |       |       |     2 ||     2
 Invoke: Sacrifice Arcana  |       |       |     1 |       ||     1
         Sacrifice Courage |       |       |     1 |       ||     1
    Use: Potion            |     1 |       |       |       ||     1
         Scroll            |       |       |     8 |       ||     8
   Stab: Sleeping          |     2 |     2 |     2 |       ||     6
         Distracted        |       |       |     1 |       ||     1
         Invisible         |       |       |     2 |       ||     2
 Armour: Animal skin       |     8 |     8 |    11 |       ||    27
         Ring mail         |       |       |    36 |    28 ||    64
  Dodge: Dodged            |    60 |    91 |   192 |   103 ||   446

Table legend: (Time is in decaauts)
 A = Elapsed time spent in this place.
 B = Non-inter-level travel time spent in this place.
 C = Inter-level travel time spent in this place.
 D = Time resting spent in this place.
 E = Time spent auto-exploring this place.
 F = Levels seen in this place.
 G = Mean time per level.
                   A        B        C        D        E       F      G
               +--------+--------+--------+--------+--------+-----+--------+
         Total |  13951 |  13244 |    707 |   4166 |   7246 |  11 | 1268.3 |
       Dungeon |  13921 |  13214 |    707 |   4166 |   7246 |  10 | 1392.1 |
        Temple |     30 |     30 |      0 |      0 |      0 |   1 |   30.0 |
               +--------+--------+--------+--------+--------+-----+--------+

Top non-repeatable levels by time:
     D:4: 2452 daAuts
     D:7: 1876 daAuts
     D:6: 1810 daAuts
     D:9: 1637 daAuts
     D:8: 1513 daAuts
     D:3: 1419 daAuts
     D:2: 1234 daAuts
     D:5: 1195 daAuts
     D:1: 751 daAuts
  Temple: 30 daAuts
    D:10: 29 daAuts
